| TOP OF THE 1ST |
|
Omaha Storm Chasers batting - Pitching for Tacoma Rainiers : RHP Tyler Rayner
|
|
Pitching: RHP Tyler Rayner
|
|
|
Batting: LHB Jim Pankratz
|
0-0: Called Strike 0-1: Fly out, F8 (Flyball, 8RM, EV 96.9 MPH)
|
|
Batting: RHB Walt Cogswell
|
0-0: Ball 1-0: Ball 2-0: Fly out, F7 (Flyball, 7LD, EV 80.0 MPH)
|
|
Batting: RHB Taisei Fujii
|
0-0: Called Strike 0-1: Ball 1-1: Ball 2-1: Foul Ball, location: 2F 2-2: Ball 3-2: Fly out, F9 (Flyball, 89M, EV 95.6 MPH)
|
| Top of the 1st over - 0 runs, 0 hits, 0 errors, 0 left on base; Omaha 0 - Tacoma 0 |
| BOTTOM OF THE 1ST |
|
Tacoma Rainiers batting - Pitching for Omaha Storm Chasers : RHP Ken Hall
|
|
Pitching: RHP Ken Hall
|
|
|
Batting: RHB Brad Robidas
|
0-0: Ball 1-0: Ball 2-0: Ball 3-0: Base on Balls
|
|
Batting: RHB Enrique Valdez
|
0-0: Ball 1-0: Ball 2-0: Ball 3-0: Called Strike 3-1: Foul Ball, location: 2F 3-2: Strikes out swinging
|
|
Batting: LHB Josh Pittman
|
0-0: Fielders Choice at 2nd, 4-6 (Groundball, 34, EV 85.0 MPH)
|
|
Batting: LHB Ryan Lowe
|
0-0: Ball 1-0: Called Strike 1-1: Ball 2-1: Foul Ball, location: 2F 2-2: Ball 3-2: Foul Ball, location: 2F 3-2: Strikes out swinging
|
| Bottom of the 1st over - 0 runs, 0 hits, 0 errors, 1 left on base; Omaha 0 - Tacoma 0 |
| TOP OF THE 2ND |
|
Omaha Storm Chasers batting - Pitching for Tacoma Rainiers : RHP Tyler Rayner
|
|
Batting: LHB Shigeru Ono
|
0-0: Called Strike 0-1: Foul Ball, location: 2F 0-2: Strikes out swinging
|
|
Batting: SHB Francisco Gutierrez
|
0-0: Ball 1-0: Swinging Strike 1-1: Ball 2-1: Ground out U3 (Groundball, 3L, EV 104.4 MPH)
|
|
Batting: LHB Danny Bailey
|
0-0: Ball 1-0: Ball 2-0: Foul Ball, location: 2F 2-1: Ball 3-1: Called Strike 3-2: Foul Ball, location: 2F 3-2: Base on Balls
|
|
Batting: RHB Yuichi Takata
|
0-0: Ball 1-0: Ball 2-0: Swinging Strike 2-1: Foul Ball, location: 2F 2-2: Fielders Choice at 2nd, 6-4 (Groundball, 6D, EV 99.4 MPH)
|
| Top of the 2nd over - 0 runs, 0 hits, 0 errors, 1 left on base; Omaha 0 - Tacoma 0 |
| BOTTOM OF THE 2ND |
|
Tacoma Rainiers batting - Pitching for Omaha Storm Chasers : RHP Ken Hall
|
|
Batting: RHB Josh Ruhl
|
0-0: Foul Ball, location: 2F 0-1: SINGLE (Groundball, 56D, EV 95.0 MPH)
|
|
Batting: RHB Zach Downs
|
0-0: Ball 1-0: Foul Ball, location: 2F 1-1: Ball 2-1: Called Strike 2-2: Foul Ball, location: 2F 2-2: Foul Ball, location: 2F 2-2: Ball 3-2: Foul Ball, location: 2F 3-2: Base on Balls Josh Ruhl to second
|
|
Batting: RHB Max Schellekens
|
0-0: Swinging Strike 0-1: Ball 1-1: Foul Ball, location: 2F 1-2: Foul Ball, location: 2F 1-2: Ball 2-2: Fielders Choice at 2nd, 5-4 (Groundball, 5, EV 101.2 MPH) Josh Ruhl to third
|
|
Batting: RHB Jeff Cox
|
0-0: Fly out, F8 (Flyball, 8RD, EV 90.0 MPH) Runner from 3rd tags up, SCORES, throw by CF
|
|
Batting: RHB Kagetoki Kawai
|
0-0: Ball 1-0: Ball 2-0: Foul Ball, location: 2F 2-1: Swinging Strike 2-2: Strikes out swinging
|
| Bottom of the 2nd over - 1 run, 1 hit, 0 errors, 1 left on base; Omaha 0 - Tacoma 1 |
| TOP OF THE 3RD |
|
Omaha Storm Chasers batting - Pitching for Tacoma Rainiers : RHP Tyler Rayner
|
|
Batting: SHB Arturo Baez
|
0-0: Ball 1-0: SINGLE (Line Drive, 8RS, EV 109.4 MPH)
|
|
Batting: RHB Kevin Roseen
|
0-0: SINGLE (Line Drive, 9S, EV 99.4 MPH) Arturo Baez to second
|
|
Batting: LHB Jim Pankratz
|
0-0: Ball 1-0: Fielders Choice at 2nd, 6-4 (Groundball, 6S, EV 77.5 MPH) Arturo Baez to third
|
|
Batting: RHB Walt Cogswell
|
0-0: Ball 1-0: Called Strike 1-1: Foul Ball, location: 2F 1-2: TRIPLE (Line Drive, 89XD, EV 106.9 MPH) Arturo Baez scores Jim Pankratz scores
|
|
Batting: RHB Taisei Fujii
|
0-0: Called Strike 0-1: Ball 1-1: Ground out 3-1 (Groundball, 34, EV 75.6 MPH) Walt Cogswell scores
|
|
Batting: LHB Shigeru Ono
|
0-0: SINGLE (Flyball, 89S, EV 92.5 MPH)
|
|
Batting: SHB Francisco Gutierrez
|
0-0: SINGLE (Groundball, 4M, EV 98.1 MPH) (infield hit) Shigeru Ono to second
|
|
Batting: LHB Danny Bailey
|
0-0: Fielders Choice at 2nd, 5-4 (Groundball, 5, EV 105.6 MPH)
|
| Top of the 3rd over - 3 runs, 5 hits, 0 errors, 2 left on base; Omaha 3 - Tacoma 1 |
| BOTTOM OF THE 3RD |
|
Tacoma Rainiers batting - Pitching for Omaha Storm Chasers : RHP Ken Hall
|
|
Batting: RHB Brad Robidas
|
0-0: Ball 1-0: Foul Ball, location: 2F 1-1: Fly out, F7 (Flyball, 7D, EV 96.2 MPH)
|
|
Batting: RHB Enrique Valdez
|
0-0: Ball 1-0: SINGLE (Groundball, 25, EV 65.6 MPH) (infield hit)
|
|
Batting: LHB Josh Pittman
|
0-0: Ball 1-0: Ball 2-0: Called Strike 2-1: Swinging Strike 2-2: Ball 3-2: Strikes out swinging Enrique Valdez is caught stealing 2nd base 2-6 Batter strikes out.
|
| Bottom of the 3rd over - 0 runs, 1 hit, 0 errors, 0 left on base; Omaha 3 - Tacoma 1 |
| TOP OF THE 4TH |
|
Omaha Storm Chasers batting - Pitching for Tacoma Rainiers : RHP Tyler Rayner
|
|
Batting: RHB Yuichi Takata
|
0-0: Called Strike 0-1: Called Strike 0-2: Ball 1-2: Strikes out looking
|
|
Batting: SHB Arturo Baez
|
0-0: Ball 1-0: Called Strike 1-1: Called Strike 1-2: Foul Ball, location: 2F 1-2: Strikes out looking
|
|
Batting: RHB Kevin Roseen
|
0-0: Called Strike 0-1: Foul Ball, location: 2F 0-2: Ball 1-2: Foul Ball, location: 2F 1-2: Foul Ball, location: 2F 1-2: Ball 2-2: Ball 3-2: Foul Ball, location: 2F 3-2: Base on Balls
|
|
Batting: LHB Jim Pankratz
|
0-0: Called Strike 0-1: Ball 1-1: Ball 2-1: Ground out 4-3 (Groundball, 4, EV 101.9 MPH)
|
| Top of the 4th over - 0 runs, 0 hits, 0 errors, 1 left on base; Omaha 3 - Tacoma 1 |
| BOTTOM OF THE 4TH |
|
Tacoma Rainiers batting - Pitching for Omaha Storm Chasers : RHP Ken Hall
|
|
Batting: LHB Ryan Lowe
|
0-0: Called Strike 0-1: Ball 1-1: Foul Ball, location: 2F 1-2: Foul Ball, location: 2F 1-2: Strikes out swinging
|
|
Batting: RHB Josh Ruhl
|
0-0: Ball 1-0: Ball 2-0: Called Strike 2-1: Called Strike 2-2: Strikes out looking
|
|
Batting: RHB Zach Downs
|
0-0: Ball 1-0: Ball 2-0: SINGLE (Groundball, 6D, EV 107.5 MPH)
|
|
Batting: RHB Max Schellekens
|
0-0: Called Strike 0-1: Ground out 4-3 (Groundball, 4, EV 86.9 MPH)
|
| Bottom of the 4th over - 0 runs, 1 hit, 0 errors, 1 left on base; Omaha 3 - Tacoma 1 |
| TOP OF THE 5TH |
|
Omaha Storm Chasers batting - Pitching for Tacoma Rainiers : RHP Tyler Rayner
|
|
Batting: RHB Walt Cogswell
|
0-0: Called Strike 0-1: Ball 1-1: Ball 2-1: Ground out 5-3 (Groundball, 56S, EV 87.5 MPH)
|
|
Batting: RHB Taisei Fujii
|
0-0: Ground out 5-3 (Groundball, 5L, EV 98.8 MPH)
|
|
Batting: LHB Shigeru Ono
|
0-0: Ball 1-0: Ball 2-0: Ball 3-0: Called Strike 3-1: Swinging Strike 3-2: Foul Ball, location: 2F 3-2: Strikes out looking
|
| Top of the 5th over - 0 runs, 0 hits, 0 errors, 0 left on base; Omaha 3 - Tacoma 1 |
| BOTTOM OF THE 5TH |
|
Tacoma Rainiers batting - Pitching for Omaha Storm Chasers : RHP Ken Hall
|
|
Batting: RHB Jeff Cox
|
0-0: Ground out 6-3 (Groundball, 6, EV 81.9 MPH)
|
|
Batting: RHB Kagetoki Kawai
|
0-0: Ball 1-0: Called Strike 1-1: Ball 2-1: Foul Ball, location: 2F 2-2: Foul Ball, location: 2F 2-2: Foul Ball, location: 2F 2-2: Ground out 6-3 (Groundball, 6, EV 80.6 MPH)
|
|
Batting: RHB Brad Robidas
|
0-0: Ball 1-0: Ball 2-0: Ball 3-0: Called Strike 3-1: Base on Balls
|
|
Batting: RHB Enrique Valdez
|
0-0: Swinging Strike 0-1: Ball 1-1: Ball 2-1: Foul Ball, location: 2F 2-2: Foul Ball, location: 2F 2-2: Fly out, F9 (Flyball, 9S, EV 91.2 MPH)
|
| Bottom of the 5th over - 0 runs, 0 hits, 0 errors, 1 left on base; Omaha 3 - Tacoma 1 |
| TOP OF THE 6TH |
|
Omaha Storm Chasers batting - Pitching for Tacoma Rainiers : RHP Tyler Rayner
|
|
Batting: SHB Francisco Gutierrez
|
0-0: Ball 1-0: Foul Ball, location: 2F 1-1: Ball 2-1: Ball 3-1: Base on Balls
|
|
Batting: LHB Danny Bailey
|
0-0: Fly out, F7 (Flyball, 7, EV 86.2 MPH)
|
|
Batting: RHB Yuichi Takata
|
0-0: Foul Ball, location: 2F 0-1: SINGLE (Groundball, 25, EV 75.0 MPH) (infield hit) Francisco Gutierrez to second
|
|
Pitching: RHP Bob Gilliam
|
|
|
Batting: SHB Arturo Baez
|
0-0: Foul Ball, location: 2F 0-1: Ball 1-1: Ball 2-1: Called Strike 2-2: Foul Ball, location: 2F 2-2: Ball 3-2: Base on Balls Francisco Gutierrez to third Yuichi Takata to second
|
|
Batting: RHB Kevin Roseen
|
0-0: Ball 1-0: Called Strike 1-1: Grounds into fielders choice 4-2 (Groundball, 4, EV 81.9 MPH) Yuichi Takata to third Arturo Baez to second
|
|
Batting: LHB Jim Pankratz
|
0-0: Foul Ball, location: 2F 0-1: Fly out, F7 (Flyball, 78M, EV 93.8 MPH)
|
| Top of the 6th over - 0 runs, 1 hit, 0 errors, 3 left on base; Omaha 3 - Tacoma 1 |
| BOTTOM OF THE 6TH |
|
Tacoma Rainiers batting - Pitching for Omaha Storm Chasers : RHP Ken Hall
|
|
Batting: LHB Josh Pittman
|
0-0: Foul Ball, location: 2F 0-1: SINGLE (Groundball, 25, EV 67.5 MPH) (infield hit)
|
|
Batting: LHB Ryan Lowe
|
0-0: Called Strike 0-1: Swinging Strike 0-2: Ball 1-2: Strikes out looking
|
|
Batting: RHB Josh Ruhl
|
0-0: Called Strike 0-1: Foul Ball, location: 2F 0-2: Foul Ball, location: 2F 0-2: Ball 1-2: Foul Ball, location: 2F 1-2: Ball 2-2: Foul Ball, location: 2F 2-2: Fielders Choice at 2nd, 5-4 (Groundball, 5, EV 84.4 MPH)
|
|
Pitching: RHP Malachi Shelton
|
|
|
Batting: RHB Zach Downs
|
0-0: Ball 1-0: Ball 2-0: Swinging Strike 2-1: SINGLE (Groundball, 56D, EV 105.6 MPH) Josh Ruhl to second
|
|
Batting: RHB Max Schellekens
|
0-0: Ball 1-0: Called Strike 1-1: Foul Ball, location: 2F 1-2: Strikes out swinging
|
| Bottom of the 6th over - 0 runs, 2 hits, 0 errors, 2 left on base; Omaha 3 - Tacoma 1 |
| TOP OF THE 7TH |
|
Omaha Storm Chasers batting - Pitching for Tacoma Rainiers : RHP Bob Gilliam
|
|
Batting: RHB Walt Cogswell
|
0-0: Ball 1-0: Called Strike 1-1: Called Strike 1-2: Reached on error, E9 (Flyball, 9D, EV 103.1 MPH)
|
|
Batting: RHB Taisei Fujii
|
0-0: Ground out U3 (Groundball, 34, EV 109.4 MPH) Walt Cogswell to third
|
|
Batting: LHB Shigeru Ono
|
0-0: Called Strike 0-1: Ball 1-1: Ball 2-1: Ball 3-1: Called Strike 3-2: Ground out 3-1 (Groundball, 34S, EV 86.9 MPH) Walt Cogswell scores
|
|
Batting: SHB Francisco Gutierrez
|
0-0: Ball 1-0: Fly out, F9 (Flyball, 9LS, EV 83.1 MPH)
|
| Top of the 7th over - 1 run, 0 hits, 1 error, 0 left on base; Omaha 4 - Tacoma 1 |
| BOTTOM OF THE 7TH |
|
Tacoma Rainiers batting - Pitching for Omaha Storm Chasers : RHP Malachi Shelton
|
|
Batting: RHB Jeff Cox
|
0-0: Ball 1-0: Ball 2-0: Ball 3-0: Foul Ball, location: 2F 3-1: Fly out, F7 (Flyball, 7S, EV 92.5 MPH)
|
|
Batting: RHB Kagetoki Kawai
|
0-0: Called Strike 0-1: Foul Ball, location: 2F 0-2: Ball 1-2: Foul Ball, location: 2F 1-2: Strikes out swinging
|
|
Batting: RHB Brad Robidas
|
0-0: Ground out 5-3 (Groundball, 5L, EV 103.8 MPH)
|
| Bottom of the 7th over - 0 runs, 0 hits, 0 errors, 0 left on base; Omaha 4 - Tacoma 1 |
| TOP OF THE 8TH |
|
Omaha Storm Chasers batting - Pitching for Tacoma Rainiers : RHP Bob Gilliam
|
|
Batting: LHB Danny Bailey
|
0-0: Ball 1-0: Ball 2-0: Ball 3-0: Base on Balls
|
|
Batting: RHB Yuichi Takata
|
0-0: Bunt missed! 0-1: Bunted foul 0-2: Ball 1-2: Ball 2-2: Foul Ball, location: 2F 2-2: Fly out, F8 (Flyball, 78M, EV 82.5 MPH)
|
|
Batting: SHB Arturo Baez
|
0-0: Ball 1-0: Swinging Strike 1-1: Ball 2-1: Ball 3-1: Foul Ball, location: 2F 3-2: Foul Ball, location: 2F 3-2: Strikes out swinging
|
|
Batting: RHB Kevin Roseen
|
0-0: Called Strike 0-1: Foul Ball, location: 2F 0-2: Ball 1-2: DOUBLE (Line Drive, 7LM, EV 108.8 MPH) Danny Bailey to third Runner from 3rd tries for Home, SAFE, throw by LF to home
|
|
Pitching: RHP Jace Daniels
|
|
|
Batting: LHB Jim Pankratz
|
0-0: Ball 1-0: Swinging Strike 1-1: Called Strike 1-2: Foul Ball, location: 2F 1-2: Strikes out looking
|
| Top of the 8th over - 1 run, 1 hit, 0 errors, 1 left on base; Omaha 5 - Tacoma 1 |
| BOTTOM OF THE 8TH |
|
Tacoma Rainiers batting - Pitching for Omaha Storm Chasers : RHP Malachi Shelton
|
|
Batting: RHB Enrique Valdez
|
0-0: Ground out 5-3 (Groundball, 5S, EV 75.0 MPH)
|
|
Batting: LHB Josh Pittman
|
0-0: Ball 1-0: Ball 2-0: Called Strike 2-1: Foul Ball, location: 2F 2-2: Foul Ball, location: 2F 2-2: Ball 3-2: Base on Balls
|
|
Batting: LHB Ryan Lowe
|
0-0: Called Strike 0-1: Called Strike 0-2: Ball 1-2: Ball 2-2: Foul Ball, location: 2F 2-2: Strikes out looking
|
|
Batting: RHB Josh Ruhl
|
0-0: Swinging Strike 0-1: SINGLE (Groundball, 6MD, EV 94.4 MPH) Josh Pittman to second
|
|
Batting: RHB Zach Downs
|
0-0: Called Strike 0-1: Ball 1-1: Foul Ball, location: 2F 1-2: SINGLE (Flyball, 89S, EV 97.5 MPH) Josh Pittman to third Josh Ruhl to second Runner from 3rd tries for Home, SAFE, throw by RF to home Josh Ruhl to third Zach Downs to second
|
|
Pinch Hitting: LHB Jawad Fahad
|
0-0: Called Strike 0-1: Fly out, F8 (Flyball, 8RM, EV 93.1 MPH)
|
| Bottom of the 8th over - 1 run, 2 hits, 0 errors, 2 left on base; Omaha 5 - Tacoma 2 |
| TOP OF THE 9TH |
|
Omaha Storm Chasers batting - Pitching for Tacoma Rainiers : RHP Jace Daniels
|
|
Pitching: RHP Sid Lampone
|
|
|
Now at 3B: Jawad Fahad
|
|
|
Now at SS: Brad Robidas
|
|
|
Batting: RHB Walt Cogswell
|
0-0: Called Strike 0-1: Ball 1-1: Foul Ball, location: 2F 1-2: Fly out, F8 (Flyball, 8RXD, EV 90.6 MPH)
|
|
Batting: RHB Taisei Fujii
|
0-0: Ball 1-0: Called Strike 1-1: Called Strike 1-2: Ground out 5-3 (Groundball, 56, EV 108.1 MPH)
|
|
Batting: LHB Shigeru Ono
|
0-0: Called Strike 0-1: Foul Ball, location: 2F 0-2: Fly out, F9 (Flyball, 9D, EV 88.1 MPH)
|
| Top of the 9th over - 0 runs, 0 hits, 0 errors, 0 left on base; Omaha 5 - Tacoma 2 |
| BOTTOM OF THE 9TH |
|
Tacoma Rainiers batting - Pitching for Omaha Storm Chasers : RHP Malachi Shelton
|
|
Pitching: LHP Keith Egan
|
|
|
Batting: RHB Jeff Cox
|
0-0: Called Strike 0-1: Ball 1-1: Called Strike 1-2: Ball 2-2: Foul Ball, location: 2F 2-2: Foul Ball, location: 2F 2-2: Strikes out swinging
|
|
Batting: RHB Kagetoki Kawai
|
0-0: Ball 1-0: Ball 2-0: Foul Ball, location: 2F 2-1: Foul Ball, location: 2F 2-2: Strikes out swinging
|
|
Batting: RHB Brad Robidas
|
0-0: Called Strike 0-1: Called Strike 0-2: Ball 1-2: Ball 2-2: Ball 3-2: Fly out, F9 (Flyball, 9LM, EV 96.2 MPH)
|
| Bottom of the 9th over - 0 runs, 0 hits, 0 errors, 0 left on base; Omaha 5 - Tacoma 2 |
|